Map: Geheimbasis 2E

Players

RiseAgainst - Winner!

  • Race: Terran Terran
  • League: Diamond
  • Spawn Location: 11:00

Panda - Winner!

  • Race: Terran Terran
  • League: Diamond
  • Spawn Location: 9:00

EnTRoY - Winner!

  • Race: Protoss Protoss
  • Spawn Location: 12:00

iNverse

  • Race: Protoss Protoss
  • Spawn Location: 5:00

Dia

  • Race: Zerg Zerg
  • Spawn Location: 6:00

Ozim

  • Race: Zerg Zerg
  • League: Silver
  • Spawn Location: 3:00

VOD

Have the link to the VOD?

Description

Time

  • Played on: Sept. 7, 2017, 4:45 p.m.
  • Length: 11:03
Show
View Real Time Build Order
Export as new Build Order

RiseAgainst Terran - Winner!

Build Orders: Reaper Expand, MMM Bio 

Get SALT Encoding   

  12  0:00  SCV  
  13  0:13  SCV  
  14  0:18  Supply Depot  
  14  0:25  SCV  
  15  0:40  Barracks, SCV  
  16  0:45  Refinery  
  16  0:52  SCV  
  17  1:04  SCV  
  18  1:16  SCV  
  19  1:28  Orbital Command  
  19  1:29  Reaper  
  20  1:42  Command Center  
  20  1:54  Supply Depot, SCV  
  21  2:01  Marine  
  21  2:06  Factory  
  22  2:10  SCV  
  23  2:23  SCV  
  23  2:25  Barracks Reactor  
  24  2:35  SCV  
  25  2:47  SCV  
  26  2:57  Orbital Command  
  26  2:59  SCV  
  27  3:11  SCV  
  28  3:17  Hellion x2  
  28  3:19  Barracks Tech Lab  
  31  3:23  SCV  
  31  3:24  SCV  
  31  3:25  Barracks, Refinery  
  31  3:26  Barracks  
  33  3:31  Supply Depot  
  33  3:35  SCV  
  33  3:38  Hellion x2  
  33  3:40  Marine  
  33  3:41  Stimpack  
  39  3:42  SCV  
  39  3:48  SCV  
  41  3:54  SCV  
  41  3:55  Supply Depot  
  42  4:00  SCV, Hellion x2  
  47  4:05  Marine  
  47  4:06  SCV  
  49  4:10  Refinery  
  49  4:12  SCV  
  49  4:14  Barracks Reactor x2  
  50  4:25  Marine  
  47  4:39  SCV x2  
  47  4:44  Starport, Command Center  
  49  4:47  Marine  
  49  4:50  Marine  
  49  4:51  Barracks, Marine x3, SCV x2  
  56  4:52  Factory Tech Lab  
  56  5:00  Refinery  
  56  5:03  Supply Depot, SCV  
  56  5:07  Marine  
  57  5:08  SCV  
  57  5:13  Engineering Bay  
  59  5:15  SCV, Engineering Bay  
  59  5:20  SCV  
  59  5:40  Medivac x2  
  59  5:41  Barracks Tech Lab  
  59  5:42  Marine x4, Marauder  
  63  5:43  Combat Shields  
  63  5:45  Siege Tank, SCV  
  63  5:46  SCV  
  68  5:51  Supply Depot  
  68  5:52  Supply Depot  
  69  5:57  Orbital Command  
  69  6:01  Supply Depot  
  69  6:03  Terran Infantry Armor Level 1, Terran Infantry Weapons Level 1  
  68  6:15  SCV x2  
  68  6:17  Marine, Marauder  
  68  6:18  Marine x3, Marauder  
  78  6:19  Siege Tank  
  81  6:28  Orbital Command  
  81  6:32  Medivac x2  
  85  6:38  Supply Depot x2  
  85  6:40  Barracks  
  85  6:46  Marine x4, Marauder x2  
  93  6:48  SCV  
  93  6:52  Siege Tank  
  97  6:56  Supply Depot, SCV x2  
  97  7:00  SCV  
  100  7:01  Concussive Shells  
  100  7:06  Medivac  
  100  7:07  Marauder  
  100  7:08  SCV  
  105  7:10  SCV  
  105  7:13  SCV, Refinery  
  107  7:16  Refinery  
  107  7:27  Marine x5  
  112  7:50  Marine x6  
  118  8:07  Marine  
  113  8:18  Marine x3, Marauder x2  
  119  8:22  Armory, Barracks Reactor  
  119  8:23  Medivac x2, Siege Tank  
  119  8:25  Marine  
  126  8:36  Marine  
  124  8:45  Marine  
  124  8:46  Marine x3, Marauder  
  130  8:54  Marine  
  124  9:03  Siege Tank, Marine x2  
  124  9:05  Marine x2, Marauder  
  133  9:10  Marine  
  133  9:11  Marauder  
  133  9:12  Supply Depot x2, Marine  
  133  9:14  Supply Depot  
  133  9:15  Supply Depot  
  137  9:19  Factory  
  137  9:21  Marine x2  
  137  9:23  Marine, SCV  
  141  9:24  Barracks  
  141  9:25  Command Center  
  141  9:26  Barracks  
  141  9:46  Liberator x2  
  141  9:47  Marine x5, Marauder x2  
  141  9:48  Marine  
  151  9:59  Siege Tank  
  154  10:05  Marine x2  
  162  10:09  Marauder x2  
  143  10:39  Marine x4, Marauder x2  
  143  10:40  Barracks Reactor, Barracks Tech Lab  
Show
View Real Time Build Order
Export as new Build Order

Panda Terran - Winner!

Build Orders:  

Get SALT Encoding   

  12  0:00  SCV  
  13  0:21  Supply Depot  
  13  0:27  SCV  
  14  0:39  SCV  
  15  0:45  Barracks  
  15  0:51  SCV  
  16  1:03  SCV  
  17  1:19  SCV  
  17  1:22  Refinery  
  18  1:28  Command Center  
  18  1:32  SCV  
  19  1:49  Orbital Command  
  19  1:59  Barracks  
  19  2:16  SCV  
  20  2:28  Barracks Tech Lab  
  20  2:33  SCV  
  21  2:44  Orbital Command  
  21  2:52  Barracks Reactor  
  21  2:58  Barracks  
  21  3:00  Marine  
  21  3:04  Stimpack  
  22  3:09  SCV  
  23  3:18  Marine  
  23  3:19  SCV  
  25  3:21  SCV  
  26  3:30  Marine x2  
  26  3:33  SCV  
  29  3:36  Marine  
  30  3:42  Engineering Bay  
  30  3:43  SCV, Engineering Bay  
  30  3:45  SCV  
  30  3:47  Refinery  
  30  3:48  Marine x2  
  35  3:55  SCV  
  35  3:58  SCV  
  36  4:04  Marine  
  36  4:07  Factory, SCV  
  36  4:08  Barracks Reactor  
  38  4:50  Terran Infantry Weapons Level 1  
  38  4:51  Supply Depot  
  38  4:53  Supply Depot x2  
  38  4:54  Supply Depot  
  38  5:03  Refinery  
  38  5:04  Refinery  
  38  5:07  Supply Depot  
  38  5:12  Marine x3, SCV  
  42  5:23  Marine x2  
  42  5:24  SCV  
  45  5:30  Marine x2  
  45  5:33  Starport  
  48  5:36  SCV  
  48  5:37  Marauder  
  48  5:41  Marine x2  
  52  5:48  Marine, SCV  
  54  5:58  Marauder  
  54  6:00  SCV  
  54  6:01  SCV  
  58  6:07  Marine x2  
  58  6:08  Marine  
  58  6:10  Starport  
  60  6:12  SCV  
  60  6:13  SCV, Starport Reactor  
  62  6:19  Marauder  
  62  6:24  SCV  
  62  6:25  SCV  
  66  6:36  SCV  
  66  6:37  SCV  
  66  6:38  Marine x2  
  66  6:39  Marine x2  
  72  6:41  Marauder  
  74  6:48  SCV  
  74  6:49  SCV  
  74  6:52  Medivac  
  78  7:15  Supply Depot  
  78  7:16  Supply Depot x2  
  78  7:17  Supply Depot x2  
  78  7:19  Supply Depot, Starport Reactor  
  78  7:20  Supply Depot  
  78  7:34  Marine  
  78  7:36  Medivac x2, Marine x3  
  85  7:38  Marauder  
  86  7:52  Marine  
  86  7:54  Marine x2  
  89  7:59  Marauder  
  91  8:06  Medivac x2  
  95  8:20  Marauder  
  78  8:36  Marine  
  78  8:37  Marine x3  
  82  8:41  Marine  
  83  8:54  Marine x2  
  83  8:55  Marine x2  
  87  8:59  Marine  
  86  9:12  Marine x3  
  86  9:13  Marine  
  87  9:17  Marine  
  88  9:24  Command Center  
  88  9:30  Marine x3  
  91  9:35  Marauder  
  93  9:57  Marauder  
  95  10:18  Marauder  
  94  10:32  Marine  
  94  10:33  Marine  
  94  10:34  Marine x2  
  98  10:37  SCV x2  
  98  10:39  Marauder  
  98  10:41  SCV  
  103  10:49  SCV x2  
Show
View Real Time Build Order
Export as new Build Order

EnTRoY Protoss - Winner!

Build Orders:  

Get SALT Encoding   

  12  0:01  Probe (Chrono Boost)  
  13  0:11  Probe (Chrono Boost)  
  14  0:17  Pylon  
  14  0:22  Probe (Chrono Boost)  
  15  0:36  Probe (Chrono Boost)  
  15  0:40  Gateway  
  16  0:46  Probe (Chrono Boost)  
  17  0:51  Assimilator  
  18  0:57  Probe (Chrono Boost)  
  18  1:14  Probe (Chrono Boost)  
  18  1:15  Pylon  
  19  1:23  Pylon  
  19  1:24  Probe (Chrono Boost)  
  20  1:27  Cybernetics Core  
  20  1:29  Zealot  
  22  1:35  Probe (Chrono Boost)  
  23  1:46  Probe (Chrono Boost)  
  24  1:56  Zealot  
  26  2:06  Warp Gate (Chrono Boost)  
  26  2:10  Nexus  
  26  2:14  Probe  
  27  2:24  Stalker  
  27  2:27  Probe  
  30  2:40  Pylon  
  30  2:44  Gateway  
  30  2:46  Probe  
  31  3:00  Probe  
  32  3:10  Zealot  
  36  3:13  Mothership Core  
  36  3:17  Pylon  
  36  3:22  Probe, Gateway x2  
  37  3:32  Probe  
  37  3:33  Assimilator  
  37  3:34  Probe  
  39  3:44  Probe (Chrono Boost)  
  39  3:46  Probe (Chrono Boost)  
  41  3:55  Forge  
  41  3:57  Probe x2 (Chrono Boost)  
  41  3:59  Pylon  
  41  4:02  Stalker x2  
  47  4:10  Probe (Chrono Boost)  
  47  4:11  Probe (Chrono Boost)  
  49  4:19  Pylon  
  49  4:23  Gateway  
  49  4:25  Gateway  
  49  4:29  Probe (Chrono Boost)  
  49  4:30  Probe (Chrono Boost)  
  51  4:45  Stalker x2  
  53  4:47  Zealot  
  53  4:48  Zealot  
  59  4:57  Protoss Ground Weapons Level 1 (Chrono Boost)  
  59  4:59  Probe  
  59  5:01  Probe  
  61  5:17  Probe, Assimilator  
  61  5:18  Probe  
  61  5:19  Assimilator  
  63  5:24  Robotics Facility  
  63  5:25  Pylon  
  63  5:30  Zealot x2  
  63  5:31  Zealot x2  
  63  5:35  Probe  
  71  5:36  Probe  
  73  5:49  Forge  
  73  5:52  Probe  
  73  5:53  Twilight Council  
  74  6:06  Probe  
  74  6:07  Nexus  
  74  6:10  Stalker x3  
  81  6:14  Stalker  
  83  6:21  Observer  
  84  6:31  Gateway  
  84  6:37  Protoss Ground Armor Level 1 (Chrono Boost)  
  84  6:42  Assimilator  
  84  6:46  Stalker x2  
  88  6:58  Pylon  
  88  7:10  Immortal  
  92  7:21  Protoss Ground Weapons Level 2 (Chrono Boost)  
  37  8:05  Zealot x2  
  34  8:06  Stalker  
  14  8:26  Probe, Protoss Ground Armor Level 2 (Chrono Boost)  
  15  8:27  Probe  
  15  8:33  Probe  
  16  8:38  Probe, Zealot x2  
  16  8:39  Probe, Zealot x2  
  27  8:43  Probe  
  27  8:48  Probe  
  27  8:54  Probe  
  28  9:05  Stalker x2  
  32  9:13  Probe (Chrono Boost)  
  32  9:15  Probe (Chrono Boost)  
  34  9:18  Probe (Chrono Boost)  
  35  9:34  Probe x2 (Chrono Boost)  
  35  9:35  Probe (Chrono Boost)  
  38  10:07  Robotics Bay  
  38  10:33  Stalker  
  38  10:34  Stalker x3  
  46  10:40  Observer  
Show
View Real Time Build Order
Export as new Build Order

iNverse Protoss 

Build Orders: 1 Gate Expand 

Get SALT Encoding   

  12  0:01  Probe (Chrono Boost)  
  13  0:11  Probe (Chrono Boost)  
  14  0:22  Probe (Chrono Boost), Pylon  
  15  0:41  Probe (Chrono Boost)  
  16  0:43  Gateway  
  16  0:53  Probe (Chrono Boost)  
  17  0:58  Assimilator  
  17  1:03  Probe (Chrono Boost)  
  18  1:18  Nexus  
  18  1:22  Probe (Chrono Boost)  
  19  1:35  Cybernetics Core  
  19  1:37  Probe (Chrono Boost)  
  20  1:47  Probe (Chrono Boost)  
  20  1:51  Assimilator  
  21  1:58  Probe (Chrono Boost)  
  22  2:02  Pylon  
  23  2:08  Probe (Chrono Boost)  
  23  2:11  Warp Gate (Chrono Boost)  
  23  2:20  Adept  
  23  2:21  Probe (Chrono Boost), Gateway  
  26  2:36  Probe  
  26  2:37  Probe  
  28  2:46  Probe  
  28  2:47  Adept  
  28  2:49  Probe  
  32  2:57  Probe  
  31  3:01  Probe  
  33  3:08  Probe  
  34  3:13  Adept  
  34  3:14  Probe, Adept  
  34  3:19  Probe  
  40  3:27  Gateway  
  40  3:28  Probe  
  40  3:29  Gateway  
  40  3:34  Twilight Council  
  41  3:36  Probe  
  41  3:40  Probe  
  43  3:50  Probe, Pylon  
  43  3:52  Probe  
  45  4:01  Probe  
  45  4:07  Pylon  
  45  4:08  Adept x2  
  50  4:10  Resonating Glaives (Chrono Boost)  
  50  4:23  Probe  
  50  4:24  Probe  
  52  4:35  Probe  
  52  4:36  Probe  
  48  4:45  Probe  
  46  4:46  Assimilator  
  46  4:50  Assimilator  
  46  4:52  Robotics Facility  
  47  4:54  Robotics Facility  
  47  5:04  Probe, Forge x2  
  47  5:05  Probe  
  49  5:09  Gateway  
  49  5:16  Stalker  
  49  5:17  Stalker x3  
  57  5:34  Probe  
  58  5:45  Robotics Bay  
  58  5:46  Protoss Ground Weapons Level 1  
  58  5:47  Protoss Shields Level 1  
  58  5:49  Probe  
  59  5:54  Warp Prism (Chrono Boost)  
  61  6:00  Pylon  
  61  6:04  Pylon  
  61  6:11  Pylon  
  63  6:22  Warp Prism (Chrono Boost)  
  63  6:32  Adept  
  63  6:34  Adept  
  67  6:54  Adept  
  67  6:55  Adept x3  
  67  6:58  Disruptor x2 (Chrono Boost)  
  67  7:00  Probe  
  67  7:01  Probe  
  83  7:29  Disruptor (Chrono Boost)  
  84  7:38  Disruptor (Chrono Boost)  
  84  7:43  Stalker x3  
  79  8:08  Stalker x4  
  60  8:32  Probe x2  
  58  8:42  Zealot  
  58  8:44  Probe x2  
  58  8:45  Zealot x3  
  56  8:56  Probe  
  56  8:57  Probe  
  56  9:08  Probe  
  56  9:09  Probe  
  58  9:12  Colossus x2 (Chrono Boost)  
  70  9:20  Probe  
  70  9:21  Probe  
  70  9:27  Adept x4  
  78  9:33  Probe  
  79  9:48  Stalker  
  79  9:49  Stalker x2  
  85  9:55  Pylon  
  85  9:56  Pylon  
  85  9:58  Pylon  
  85  10:00  Pylon  
  85  10:03  Pylon  
  85  10:06  Pylon  
  85  10:07  Probe  
  70  10:32  Stalker x4  
  84  10:41  Stalker  
Show
View Real Time Build Order
Export as new Build Order

Dia Zerg 

Build Orders: Pool First 

Get SALT Encoding   

  12  0:01  Drone  
  13  0:08  Drone  
  14  0:26  Spawning Pool  
  13  0:29  Drone  
  14  0:46  Overlord  
  14  1:04  Hatchery  
  13  1:13  Queen  
  15  1:24  Zergling x4  
  17  1:25  Zergling x2  
  18  1:36  Drone  
  19  1:48  Queen  
  19  1:50  Overlord  
  21  2:01  Drone  
  22  2:13  Drone  
  23  2:19  Queen  
  25  2:40  Drone x3  
  25  2:41  Drone x4  
  32  2:56  Extractor  
  31  3:03  Overlord x2  
  31  3:04  Overlord  
  31  3:15  Drone x5  
  31  3:16  Overlord  
  36  3:32  Drone x6  
  42  3:36  Extractor  
  41  3:49  Extractor  
  41  3:51  Extractor  
  41  3:54  Drone x6  
  45  4:10  Drone  
  45  4:11  Drone x2  
  48  4:26  Lair  
  48  4:29  Drone x6  
  54  4:48  Roach Warren  
  53  4:55  Overlord x2  
  52  5:15  Hatchery  
  46  5:31  Drone x5  
  46  5:32  Drone x3  
  51  5:37  Glial Reconstitution  
  49  5:49  Spire  
  48  6:17  Evolution Chamber  
  47  6:19  Drone  
  47  6:20  Drone x5  
  47  6:22  Evolution Chamber  
  52  6:37  Overlord x5  
  52  6:38  Overlord x2  
  52  6:54  Drone x8  
  53  6:55  Drone x3  
  63  7:01  Zerg Missile Weapons Level 1  
  63  7:02  Zerg Ground Armor Level 1  
  63  7:13  Roach x2  
  63  7:14  Roach x4  
  67  7:26  Roach  
  67  7:27  Roach x9  
  48  7:44  Roach x4  
  50  7:58  Roach x8  
  66  8:28  Queen x2  
  70  8:39  Queen  
  69  9:13  Drone x3  
  69  9:14  Drone x8  
  44  10:18  Drone  
  44  10:19  Drone x13  
Show
View Real Time Build Order
Export as new Build Order

Ozim Zerg 

Build Orders: Hatch First 

Get SALT Encoding   

  12  0:01  Drone  
  13  0:09  Drone  
  14  0:14  Extractor  
  14  0:16  Drone  
  15  0:41  Hatchery  
  14  0:47  Overlord  
  14  1:02  Spawning Pool  
  13  1:07  Drone  
  14  1:18  Drone x2  
  16  1:19  Drone  
  17  1:25  Extractor  
  17  1:32  Drone  
  17  1:44  Overlord  
  17  1:49  Queen  
  17  1:53  Drone  
  20  2:03  Roach Warren  
  19  2:12  Drone  
  20  2:19  Queen  
  22  2:41  Overlord, Roach Warren  
  21  2:49  Drone  
  21  2:50  Drone  
  23  2:52  Drone  
  24  3:19  Lair  
  24  3:24  Evolution Chamber  
  24  3:25  Drone x3  
  24  3:26  Drone x2  
  28  3:39  Roach  
  28  3:40  Roach  
  32  3:44  Roach  
  34  3:52  Zerg Ground Armor Level 1  
  34  3:55  Extractor  
  33  3:57  Drone  
  33  3:58  Drone  
  33  4:00  Drone  
  36  4:09  Roach  
  38  4:12  Overlord  
  38  4:28  Glial Reconstitution  
  38  4:32  Extractor, Drone x3  
  38  4:34  Roach  
  38  4:37  Roach  
  44  4:52  Roach x2  
  48  4:53  Roach  
  48  4:55  Overlord  
  48  4:56  Overlord  
  50  5:12  Roach  
  50  5:13  Roach  
  54  5:14  Overlord  
  54  5:16  Overseer  
  54  5:54  Roach  
  54  5:55  Roach x4  
  64  6:01  Baneling Nest  
  63  6:04  Hatchery  
  63  6:06  Infestation Pit  
  61  6:14  Zergling x2  
  61  6:17  Zergling x2  
  63  6:22  Metabolic Boost  
  63  6:32  Zerg Ground Armor Level 2  
  63  6:38  Drone x2  
  65  6:43  Drone  
  66  7:15  Baneling x2  
  66  7:16  Baneling x2  
  66  7:20  Drone  
  66  7:21  Drone x2  
  69  7:23  Drone x4  
  65  7:54  Burrow  
  65  7:55  Roach x4  
  37  8:40  Drone x3  
  39  8:42  Drone  
  39  8:43  Drone x2  
  39  8:45  Drone x3  
  39  8:48  Roach x3  
  42  9:01  Spore Crawler x2  
  42  9:02  Drone x2  
  42  9:03  Spine Crawler  
  42  9:04  Overlord, Drone  
  42  9:05  Overlord x3  
  36  9:28  Drone x3  
  39  9:36  Spore Crawler x2  
  37  9:39  Drone x2  
  37  9:40  Drone x2  
  37  9:42  Drone  
  42  9:53  Ravager x4  
  42  9:54  Ravager x2  
  12  10:38  Roach x3  
  12  10:39  Roach x3  
Tags
 
Add a new tag
Caveats
  • Supply blocks, unpowered buildings, or Contaminate may cause inaccurate times.
  • Supply counts are checked every 10 seconds.